Map: Celestial Enclave LE

Players

MrThannosRH - Winner!

  • Race: Protoss Protoss
  • Spawn Location: 7:00

VOD

Have the link to the VOD?

Description

Time

  • Played on: Sept. 3, 2026, 10:42 a.m.
  • Length: 23:22
Show
View Real Time Build Order
Export as new Build Order

MrThannosRH Protoss - Winner!

Build Orders:  

Get SALT Encoding   

  1  0:00  Probe (Chrono Boost)  
  9  0:12  Probe (Chrono Boost)  
  10  0:31  Probe (Chrono Boost)  
  11  0:42  Pylon  
  11  0:52  Probe (Chrono Boost)  
  12  1:09  Probe (Chrono Boost)  
  13  1:16  Gateway  
  13  1:29  Probe (Chrono Boost)  
  14  1:39  Assimilator  
  14  1:40  Probe (Chrono Boost)  
  15  1:52  Probe (Chrono Boost)  
  16  2:07  Probe (Chrono Boost)  
  17  2:24  Probe (Chrono Boost)  
  18  2:43  Nexus  
  18  2:48  Assimilator  
  18  2:54  Probe (Chrono Boost)  
  19  3:09  Pylon  
  19  3:13  Probe (Chrono Boost)  
  20  3:25  Probe (Chrono Boost)  
  21  3:37  Cybernetics Core  
  21  3:38  Probe (Chrono Boost)  
  22  3:55  Probe (Chrono Boost)  
  22  3:59  Pylon  
  23  4:08  Zealot  
  25  4:12  Probe (Chrono Boost)  
  26  4:21  Probe (Chrono Boost)  
  27  4:30  Probe (Chrono Boost)  
  28  4:41  Robotics Facility  
  28  4:44  Probe  
  28  4:46  Probe  
  30  5:06  Twilight Council  
  30  5:10  Probe  
  30  5:11  Probe  
  32  5:21  Stalker  
  34  5:33  Warp Gate (Chrono Boost)  
  34  5:42  Observer  
  35  5:59  Stalker  
  35  6:02  Gateway  
  35  6:03  Gateway  
  35  6:06  Gateway  
  37  6:12  Probe  
  37  6:13  Probe  
  39  6:32  Immortal  
  43  6:45  Probe x2  
  45  7:05  Pylon  
  45  7:09  Pylon  
  45  7:13  Probe x2  
  45  7:14  Assimilator  
  45  7:19  Charge (Chrono Boost)  
  47  7:32  Gateway  
  47  7:34  Gateway  
  47  7:36  Gateway  
  47  7:48  Forge  
  47  7:57  Zealot  
  47  7:58  Zealot  
  47  7:59  Zealot  
  53  8:10  Probe x2  
  53  8:15  Pylon x2  
  53  8:18  Pylon  
  55  8:51  Zealot  
  55  8:52  Zealot  
  55  8:53  Zealot x2  
  55  8:59  Zealot  
  65  9:00  Zealot x2  
  69  9:26  Stalker x3  
  69  9:27  Stalker  
  69  9:29  Probe x2  
  71  9:44  Protoss Ground Weapons Level 1 (Chrono Boost)  
  71  9:46  Probe  
  71  9:48  Stalker  
  71  9:49  Stalker x2  
  78  10:49  Nexus  
  78  10:55  Assimilator  
  78  11:05  Probe x2, Robotics Bay  
  80  11:15  Pylon  
  80  11:18  Pylon  
  80  11:22  Probe  
  80  11:26  Pylon  
  80  11:28  Pylon  
  81  11:52  Zealot x3  
  81  11:54  Zealot  
  81  11:56  Stalker  
  81  11:57  Stalker x2  
  70  12:29  Protoss Ground Weapons Level 2  
  64  12:35  Pylon  
  64  12:40  Probe x2  
  64  12:41  Probe  
  67  12:54  Extended Thermal Lance (Chrono Boost)  
  67  12:57  Probe x2  
  67  12:58  Probe  
  70  13:08  Immortal (Chrono Boost), Robotics Facility  
  74  13:30  Blink  
  74  13:41  Probe x3 (Chrono Boost)  
  74  13:47  Stalker x3  
  74  13:48  Stalker x2  
  87  13:54  Probe (Chrono Boost)  
  87  13:58  Immortal  
  94  14:00  Probe x2 (Chrono Boost)  
  94  14:13  Probe (Chrono Boost)  
  94  14:14  Assimilator  
  94  14:17  Probe x2 (Chrono Boost)  
  97  14:24  Colossus  
  97  14:47  Zealot  
  87  14:50  Zealot  
  87  14:51  Zealot  
  87  14:52  Zealot x2  
  87  14:53  Immortal  
  93  15:01  Stalker x2  
  83  15:29  Stalker  
  85  15:30  Stalker x2  
  85  15:31  Stalker x2  
  91  15:40  Disruptor  
  91  15:44  Zealot x2  
  91  15:48  Immortal  
  103  16:11  Probe x3  
  106  16:26  Pylon  
  106  16:30  Disruptor  
  106  16:32  Protoss Ground Weapons Level 3 (Chrono Boost)  
  110  16:55  Observer, Stalker x3  
  110  16:56  Stalker x2  
  121  17:18  Stalker  
  121  17:19  Stalker  
  125  17:23  Probe x3  
  125  17:24  Immortal  
  128  17:30  Immortal  
  130  17:57  Stalker x3  
  130  17:58  Stalker x3  
  142  18:00  Probe x2  
  144  18:22  Assimilator  
  144  18:27  Nexus  
  142  19:02  Stalker  
  142  19:03  Stalker x3  
  150  19:41  Pylon  
  150  19:43  Pylon  
  150  19:46  Pylon  
  150  19:49  Pylon  
  150  19:58  Protoss Ground Armor Level 1 (Chrono Boost)  
  150  20:06  Immortal x2  
  156  20:26  Stalker  
  156  20:28  Stalker x3  
  156  20:29  Stalker  
  165  21:01  Immortal x2  
  173  21:48  Stalker x4  
  173  21:49  Stalker x2  
  185  21:50  Stalker  
  187  22:18  Observer x2  
  188  22:34  Assimilator  
  185  23:09  Stalker  
  187  23:10  Stalker  
Tags
 
Add a new tag
Caveats
  • Supply blocks, unpowered buildings, or Contaminate may cause inaccurate times.
  • Supply counts are checked every 10 seconds.